 Dungeon Crawl Stone Soup version 0.32-a0-128-g77eb882913 (webtiles) character file.

Game seed: 3591929491100809207

681 zeratav the Fighter (level 7, 0/82 HPs)
             Began as an Oni Warper on Feb 8, 2024.
             Slain by Duvessa
             ... wielding a +0 short sword
              (13 damage)
             ... on level 5 of the Dungeon.
             The game lasted 00:05:53 (2937 turns).

zeratav the Fighter (Oni Warper)                    Turns: 2937, Time: 00:05:54

Health: 0/82       AC:  5    Str: 18    XL:     7   Next: 61%
Magic:  0/10       EV: 17    Int: 14    God:
Gold:   181        SH:  2    Dex: 13    Spells: 10/10 levels left

rFire   . . .        A - +1 morningstar of Bellicose Purpose {flame, rPois Dex+5 Stlth+, mace}
rCold   . . .        (no shield)
rNeg    . . .        b - +0 robe
rPois   +            (helmet restricted)
rElec   .            (no cloak)
rCorr   .            (gloves unavailable)
SInv    .            (boots unavailable)
Will    .....        h - amulet of guardian spirit
Stlth   ++           f - +5 ring of evasion
HPRegen 0.33/turn    u - ring of the Octopus King {Fly HP+2 AC+2 EV+2 SH+2}
MPRegen 0.12/turn

%: guardian spirit
@: attractive, flying
A: large, unfitting armour, horns 1, tough skin 1, double potion healing,
drunken brawling
a: no special abilities


You were on level 5 of the Dungeon.
You visited 1 branch of the dungeon, and saw 5 of its levels.

You collected 181 gold pieces.


Innate Abilities, Weirdness & Mutations

You are too large for most types of armour.
You have a pair of small horns on your head.
You have tough skin. (AC +1)
You gain doubled healing and magic from potions.
Whenever you drink a healing potion, you attack all around you.


   Skills:
 - Level 8.0 Fighting
 + Level 6.0 Maces & Flails
 - Level 1.0 Throwing
 - Level 2.1 Dodging
 - Level 2.4 Spellcasting
 - Level 2.6 Translocations


You had 10 spell levels left.
You didn't know any spells.
Your spell library contained the following spells:

 Spells                   Type           Power      Damage    Failure   Level
 Blink                    Tloc           18%        N/A       12%         2
 Lesser Beckoning         Tloc           18%        N/A       12%         2
 Magic Dart               Conj           4%         1d3       22%         1
 Teleport Other           Tloc           9%         N/A       22%         3
 Call Imp                 Summ           2%         N/A       34%         2
 Manifold Assault         Tloc           9%         N/A       58%         4
 Vhi's Electric Charge    Tloc/Air       10%        N/A       78%         4

Inventory:

Hand Weapons
 a - a +0 mace {mace}
 k - a +1 dagger of electrocution {short}
   (You took it off a goblin on level 1 of the Dungeon)
 m - a +0 flail {mace}
   (You found it on level 2 of the Dungeon)
 t - a +0 morningstar {mace}
   (You took it off an orc on level 3 of the Dungeon)
 A - the +1 morningstar of Bellicose Purpose (weapon) {flame, rPois Dex+5 Stlth+, mace}
   (You found it on level 4 of the Dungeon)

   Dex+5:     It affects your dexterity (+5).
   rPois:     It protects you from poison Stlth+: It makes you more stealthy.
Missiles
 d - 7 darts of dispersal (quivered) {=fthrowing}
 q - 5 poisoned darts {throwing}
Armour
 b - a +0 robe (worn)
Jewellery
 f - a +5 ring of evasion (left hand)
   (You found it on level 1 of the Dungeon)
 h - an amulet of guardian spirit (around neck)
   (You found it on level 1 of the Dungeon)
 u - a ring of the Octopus King (right hand) {Fly HP+2 AC+2 EV+2 SH+2}
   (You found it on level 3 of the Dungeon)

   [ring of flight]

   AC+2:      It affects your AC (+2).
   EV+2:      It affects your evasion (+2).
   HP+2:      It affects your health (+2).
   Fly:       It grants you flight.
   SH+2:      It affects your SH (+2).
 y - a +6 ring of dexterity
   (You found it on level 4 of the Dungeon)
 E - a ring of protection from cold
   (You found it on level 4 of the Dungeon)
Scrolls
 e - 2 scrolls of fear {unknown}
 g - 3 scrolls of identify {unknown}
 j - a scroll of summoning {unknown}
 n - 4 scrolls of revelation {unknown}
 o - a scroll of amnesia {unknown}
 r - a scroll of fog {unknown}
 s - 2 scrolls of poison {unknown}
 v - 2 scrolls of enchant weapon {unknown}
 w - a scroll of immolation {unknown}
 B - a scroll of enchant armour {unknown}
 D - a scroll of vulnerability {unknown}
Potions
 i - 2 potions of ambrosia {unknown}
 l - 3 potions of attraction {!q}
 p - 2 potions of curing {unknown}
 x - a potion of lignification {unknown}
 z - a potion of brilliance {unknown}
 C - a potion of heal wounds {unknown}
 F - a potion of might {unknown}

Dungeon Overview and Level Annotations

Branches:
Dungeon (5/15) Zot: 26868
 Temple: D:4-7

Altars:
Elyvilon

Annotations:
D:2 exclusion: downstairs
D:5 Duvessa

...... # >.... ... #.
#..# ...# ... ###..#
...# ....
###....##...#
.....##.......#...#
.........e#.......##.
#.....e####.........
###....@# ##e.......
###....##...##.... .
##.......## ... ...
##.....##
#.###..##..#
#.....#e..####
.###...#.##....
........# ...# ##
......)<##...#...


You could see Duvessa (berserk).


Message History

A quokka comes into view.
HP[+17] MP[+1]
You regained 17 hp, and now have 74/81 hp.
Your mp is fully restored (10).
The quokka misses you. The quokka closely misses you.
You hit the quokka. You burn the quokka. The quokka bites you.
HP[-3]
You take 3 damage, and now have 71/81 hp.
You closely miss the quokka. The quokka barely misses you.
The quokka closely misses you.
You hit the quokka but do no damage. The quokka misses you.
You hit the quokka. You burn the quokka.
You kill the quokka!
HP[+1] No target in view!
No target in view!
No target in view!
No target in view!
No target in view!
No target in view!
You start resting.
HP[+9]
Your hp is fully restored (81).
There is a stone staircase leading down, spattered with blood here.
You fly downwards.
Level annotation: Dowan, Duvessa
There is a stone staircase leading up here.
There are monsters nearby!
You hit Dowan. You burn Dowan. Dowan hits you with a +0 dagger.
You block Duvessa's attack.
HP[-2] MP[-1]
You take 2 damage, and now have 79/81 hp.
You lost 1 mp, and now have 9/10 mp.
You hit Dowan but do no damage. Your headbutt misses Dowan.
Dowan hits you with a +0 dagger. You block Duvessa's attack.
Duvessa completely misses you. Dowan barely misses you.
You closely miss Dowan. Dowan closely misses you. Duvessa barely misses you.
HP[-5] MP[-1]
You take 5 damage, and now have 74/81 hp.
You lost 1 mp, and now have 8/10 mp.
You closely miss Dowan. Your punch misses Dowan.
Dowan hits you with a +0 dagger. Duvessa hits you with a +0 short sword.
HP[-3] MP[-2]
You take 3 damage, and now have 71/81 hp.
You lost 2 mp, and now have 6/10 mp.
You closely miss Dowan. You headbutt Dowan!
Dowan points at you and mumbles some strange words.
The puff of frost hits you! Duvessa hits you with a +0 short sword.
You puncture Dowan! You burn Dowan.
You kill Dowan!
Duvessa weeps, and shakes her weapon.
Duvessa goes berserk!
Duvessa hits you with a +0 short sword! x2
* * * LOW HITPOINT WARNING * * *
Training target 6.0 for Maces & Flails reached!
Training target 8.0 for Fighting reached!
Your Fighting skill increases to level 8!
Your Maces & Flails skill increases to level 6!
You need to enable at least one skill for training.
HP[-35] MP[-3]
You now have 82 max hp (+1).
You take 35 damage, and now have 36/82 hp.
MASSIVE DAMAGE!! (PAUSE)
You lost 3 mp, and now have 3/10 mp.
You sock Duvessa! You burn Duvessa. You headbutt Duvessa, but do no damage.
Duvessa hits you with a +0 short sword!
* * * LOW HITPOINT WARNING * * *
Duvessa hits you with a +0 short sword!
* * * LOW HITPOINT WARNING * * *
HP[-14] MP[-2]
You take 14 damage, and now have 22/82 hp.
You lost 2 mp, and now have 1/10 mp.
You barely miss Duvessa. Duvessa hits you with a +0 short sword.
* * * LOW HITPOINT WARNING * * *
Duvessa closely misses you.
HP[-4]
You take 4 damage, and now have 18/82 hp.
You don't know any spells.
Sorry, you're not good enough to have a special ability.
Blink to where?
Press: ? - help, Dir - move target
As you read the scroll of blinking {!r}, it crumbles to dust.
Found a stone staircase leading down.
HP[+1] HP[+1] MP[+1] HP[+1]
You hit Duvessa but do no damage. Duvessa hits you with a +0 short sword!
* * * LOW HITPOINT WARNING * * *
HP[-8] MP[-1]
You take 8 damage, and now have 13/82 hp.
You lost 1 mp, and now have 1/10 mp.
You don't know any spells.
Sorry, you're not good enough to have a special ability.
Unknown command.
Okay, then.
It was a potion of attraction.
You feel attractive to monsters. Duvessa hits you with a +0 short sword!
You die...

Skill      XL: |  1  2  3  4  5  6  7 |
---------------+----------------------+-----
Fighting       | 3 4 5 6 7 8 |  8.0
Maces & Flails | 3 4 5 6 |  6.0
Throwing       | |  1.0
Dodging        | |  2.1
Spellcasting   | |  2.4
Translocations | |  2.6

Action                     |  1- 3 |  4- 6 |  7- 9 || total
---------------------------+-------+-------+-------++-------
  Melee: Mace              |    87 |       |       ||    87
         Headbutt          |    10 |    16 |     4 ||    30
         Dagger            |    47 |    89 |       ||   136
         Punch             |     2 |     3 |     1 ||     6
         Morningstar       |       |    16 |    36 ||    52
    Use: Scroll            |       |       |     1 ||     1
         Potion            |       |       |     1 ||     1
   Stab: Sleeping          |       |       |     2 ||     2
 Armour: Robe              |    91 |    34 |    23 ||   148
  Dodge: Dodged            |   185 |    57 |    41 ||   283
  Block: Other             |       |     7 |     3 ||    10

Levels and vault maps discovered:
D:1:      nicolae_arrival_memento_mori, layout_rooms,
          dreamdust_mushroom_princess
D:2:      layout_basic, dreamdust_ecumenical_altar_grove, basic_altar
D:3:      cheibrodos_helix_gallery, layout_basic, nrook_mini_backslash
D:4:      layout_loops_ring, corner_web_ring, roderic_lattice_a
D:5:      layout_layer_cave, nicolae_figureground_pulse, uniq_blork_the_orc,
          uniq_duvessa

Notes
Turn   | Place    | Note
-------+----------+-------------------------------------------
     0 | D:1      | zeratav the Oni Warper began the quest for the Orb.
     0 | D:1      | Reached XP level 1. HP: 22/22 MP: 3/3
     0 | D:1      | magus.rc [v1.9.6]
    54 | D:1      | Reached skill level 3 in Fighting
    96 | D:1      | You pick up a book of Minor Magic and begin reading...
    96 | D:1      | You add the spells Magic Dart and Call Imp to your library.
   143 | D:1      | Reached XP level 2. HP: 20/31 MP: 3/5
   383 | D:1      | Reached XP level 3. HP: 38/39 MP: 6/6
   764 | D:2      | Reached skill level 4 in Fighting
   785 | D:2      | Found a white marble altar of Elyvilon.
   857 | D:2      | Reached skill level 3 in Maces & Flails
   940 | D:2      | Reached XP level 4. HP: 48/49 MP: 7/7
  1180 | D:2      | Found a faded altar of an unknown god.
  1261 | D:3      | Noticed a scorpion
  1301 | D:3      | Found the ring of the Octopus King
  1306 | D:3      | Identified a ring of the Octopus King {Fly HP+2 AC+2 EV+2
                  | SH+2}
  1636 | D:3      | Reached skill level 5 in Fighting
  1636 | D:3      | Reached XP level 5. HP: 53/57 MP: 6/8
  1679 | D:3      | Reached skill level 4 in Maces & Flails
  2088 | D:4      | Identified the +1 morningstar of Bellicose Purpose {flame,
                  | rPois Dex+5 Stlth+}
  2214 | D:4      | Noticed a black bear
  2219 | D:4      | Killed a black bear
  2220 | D:4      | Reached skill level 6 in Fighting
  2220 | D:4      | Reached XP level 6. HP: 66/68 MP: 6/9
  2461 | D:4      | Reached skill level 5 in Maces & Flails
  2495 | D:4      | Reached skill level 7 in Fighting
  2495 | D:4      | Reached XP level 7. HP: 74/78 MP: 10/10
  2811 | D:5      | Entered Level 5 of the Dungeon
  2811 | D:5      | Noticed Duvessa
  2811 | D:5      | Noticed Dowan
  2923 | D:5      | Killed Dowan
  2924 | D:5      | Reached skill level 8 in Fighting
  2924 | D:5      | Reached skill level 6 in Maces & Flails
  2925 | D:5      | HP: 18/82 [Duvessa/+0 short sword (5)]
  2936 | D:5      | HP: 13/82 [Duvessa/+0 short sword (9)]
  2937 | D:5      | Slain by Duvessa

Vanquished Creatures
  A black bear (D:4)
  A scorpion (D:3)
  4 wights (D:4)
  Dowan (D:5)
  A howler monkey (D:4)
  A bombardier beetle (D:4)
  A sleepcap (D:4)
  An orc wizard (D:3)
  5 adders
  2 ufetubi (D:4)
  A ribbon worm (D:2)
  A dart slug (D:1)
  6 orcs (D:3)
  5 ball pythons
  9 bats
  7 endoplasms
  4 giant cockroaches
  5 goblins
  12 hobgoblins
  3 jackals (D:2)
  5 quokkas
  4 frilled lizards
  3 kobolds
  6 rats
89 creatures vanquished.

Table legend:
 A = Non-vault XP
 B = Vault XP
 C = Vault XP percentage of total XP
 D = Non-vault monster count
 E = Vault monster count
 F = Vault count percentage of total count
                 A         B        C        D         E       F
            +---------+---------+-------+---------+---------+-------
      Total |     897 |      76 |   7.8 |      86 |       3 |   3.4
            +---------+---------+-------+---------+---------+-------
        D:1 |      42 |       0 |   0.0 |      26 |       0 |   0.0
        D:2 |      66 |       0 |   0.0 |      22 |       0 |   0.0
        D:3 |     156 |       4 |   2.5 |      17 |       2 |  10.5
        D:4 |     633 |       0 |   0.0 |      21 |       0 |   0.0
        D:5 |       0 |      72 | 100.0 |       0 |       1 | 100.0
            +---------+---------+-------+---------+---------+-------

Skill      XL: |  1  2  3  4  5  6  7 |
---------------+----------------------+-----
Fighting       | 3 4 5 6 7 8 |  8.0
Maces & Flails | 3 4 5 6 |  6.0
Throwing       | |  1.0
Dodging        | |  2.1
Spellcasting   | |  2.4
Translocations | |  2.6

Action                     |  1- 3 |  4- 6 |  7- 9 || total
---------------------------+-------+-------+-------++-------
  Melee: Mace              |    87 |       |       ||    87
         Headbutt          |    10 |    16 |     4 ||    30
         Dagger            |    47 |    89 |       ||   136
         Punch             |     2 |     3 |     1 ||     6
         Morningstar       |       |    16 |    36 ||    52
    Use: Scroll            |       |       |     1 ||     1
         Potion            |       |       |     1 ||     1
   Stab: Sleeping          |       |       |     2 ||     2
 Armour: Robe              |    91 |    34 |    23 ||   148
  Dodge: Dodged            |   185 |    57 |    41 ||   283
  Block: Other             |       |     7 |     3 ||    10

Illustrated notes

Table legend:
 A = Kills in this place as a percentage of kills in the entire game.
 B = Kills by you in this place as a percentage of kills by you in the entire game.
 C = Kills by friends in this place as a percentage of kills by friends in the entire game.
 D = Other kills in this place as a percentage of other kills in the entire game.
 E = Experience gained in this place as a percentage of experience gained in the entire game.
 F = Experience gained in this place divided by the number of levels of this place that you have seen.
                   A       B       C       D       E      F
               +-------+-------+-------+-------+-------+----------------------
         Total | 100.0 | 100.0 |   N/A |   N/A | 100.0 | 194.6
       Dungeon | 100.0 | 100.0 |   N/A |   N/A | 100.0 | 194.6
               +-------+-------+-------+-------+-------+----------------------

Table legend: (Time is in decaauts)
 A = Elapsed time spent in this place.
 B = Non-inter-level travel time spent in this place.
 C = Inter-level travel time spent in this place.
 D = Time resting spent in this place.
 E = Time spent auto-exploring this place.
 F = Levels seen in this place.
 G = Mean time per level.
                   A        B        C        D        E       F      G
               +--------+--------+--------+--------+--------+-----+--------+
         Total |   2971 |   2829 |    142 |    132 |   1999 |   5 |  594.2 |
       Dungeon |   2971 |   2829 |    142 |    132 |   1999 |   5 |  594.2 |
               +--------+--------+--------+--------+--------+-----+--------+

Top non-repeatable levels by time:
     D:4: 955 daAuts
     D:3: 705 daAuts
     D:1: 701 daAuts
     D:2: 575 daAuts
     D:5: 32 daAuts
